 Dungeon Crawl Stone Soup version 0.29.1-1-gd02db6906a (webtiles) character file.

Game seed: 5464034792155017222

1692 mortz the Sneak (level 9, -4/48 HPs)
             Began as a Kobold Earth Elementalist on Sept 25, 2022.
             Slain by Pikel
             ... wielding a +1 whip of electrocution
              (16 damage)
             ... on level 5 of the Dungeon on Sept 26, 2022.
             The game lasted 00:33:56 (8749 turns).

mortz the Sneak (Kobold Earth Elementalist)         Turns: 8749, Time: 00:33:57

Health: -4/48      AC: 30    Str:  7    XL:     9   Next: 22%
Magic:  14/14      EV: -6    Int: 23    God:
Gold:   147        SH:  0    Dex: 15    Spells: 12/15 levels left

rFire   . . .      SeeInvis .   p - +7 falchion (vorpal)
rCold   . . .      Faith    .   (no shield)
rNeg    . . .      Spirit   .   g - +13 crystal plate armour of Xinlab {Int+4 Stlth+}
rPois   .          Reflect  .   q - +0 helmet
rElec   .          Harm     .   (no cloak)
rCorr   .          Rampage  .   (no gloves)
Will    .....                   (no boots)
Stlth   ..........              n - amulet of magic regeneration
HPRegen 0.16/turn               k - +4 ring of slaying
MPRegen 0.54/turn               (no ring)

@: no status effects
A: small, no large weapons, nightstalker 3
a: no special abilities


You were on level 5 of the Dungeon.
You visited 1 branch of the dungeon, and saw 5 of its levels.
You also visited: Sewer.

You collected 301 gold pieces.
You spent 154 gold pieces at shops.

Inventory:

Hand Weapons
 d - a +3 dagger of venom
 m - a +0 dagger of venom
 p - a +7 vorpal falchion (weapon)
 A - a +4 hand axe
Missiles
 u - 3 poisoned darts (quivered)
Armour
 a - a +0 robe
 g - the +13 crystal plate armour of Xinlab (worn) {Int+4 Stlth+}
   (You acquired it on level 3 of the Dungeon)

   Int:       It affects your intelligence (+4).
   Stlth:     It makes you more stealthy.
 i - a +0 leather armour
 q - a +0 helmet (worn)
Jewellery
 k - a +4 ring of slaying (left hand)
 n - an amulet of magic regeneration (around neck)
 t - a ring of fire
Wands
 v - a wand of roots (9)
 B - a wand of charming (6)
Scrolls
 j - a scroll of amnesia
 l - 3 scrolls of blinking
 r - 2 scrolls of poison
 x - a scroll of immolation
 y - 2 scrolls of identify
 D - a scroll of noise {unknown}
Potions
 b - a potion of magic
 c - 5 potions of invisibility
 e - 2 potions of brilliance
 f - 3 potions of might
 h - 3 potions of resistance
 o - 2 potions of attraction
 s - 3 potions of curing
 w - a potion of ambrosia {unknown}
 z - a potion of berserk rage {unknown}
 C - a potion of cancellation {unknown}


   Skills:
 + Level 2.2 Fighting
 + Level 6.3(6.4) Short Blades
 + Level 0.7(2.5) Long Blades
 + Level 1.7 Throwing
 * Level 3.4 Armour
 + Level 3.1 Dodging
 + Level 7.0 Stealth
 + Level 3.9 Spellcasting
 * Level 4.5 Transmutations
 + Level 4.7 Earth Magic


You had 12 spell levels left.
You knew the following spells:

 Your Spells              Type           Power      Damage    Failure   Level
a - Sandblast             Erth           52%        2d12      100%        1
b - Passwall              Tmut/Erth      20%        N/A       100%        2

Your spell library contained the following spells:

 Spells                   Type           Power      Damage    Failure   Level
 Poisonous Vapours        Pois/Air       8%         N/A       100%        2
 Stone Arrow              Conj/Erth      30%        3d8       100%        3
 Corpse Rot               Necr/Pois/Air  4%         N/A       100%        4
 Petrify                  Tmut/Erth      25%        N/A       100%        4


Dungeon Overview and Level Annotations

Branches:
Dungeon (5/15) Zot: 21805   Sewer (visited)
 Temple: D:4-7

Altars:
Elyvilon
Okawaru
Uskayaw
Lugonu

Shops:
D:3 *

Portals:
Abyss: D:3

Annotations:
D:1 exclusion: downstairs
D:4 3 runed translucent doors, masschaos23's ghost, amateur HOFi
D:5 2 transporters, CougarLife's ghost, amateur GrEE; Pikel


Innate Abilities, Weirdness & Mutations

You are small and have problems with some larger weapons.
You are completely attuned to the shadows.


Message History

You hit the lemure but do no damage.
The lemure is almost dead.
The lemure hits you but does no damage. x2
You barely miss the lemure.
The lemure is almost dead.
The lemure hits you but does no damage.
You slash the lemure!
You kill the lemure!
That felt strangely unrewarding.
A lemure comes into view.
You hit the lemure.
The lemure is lightly wounded.
The lemure hits you but does no damage.
Pikel, Merchant of Souls comes into view.
He is wielding a +1 whip of electrocution.
You slash the lemure!
The lemure is almost dead.
The lemure hits you.
You completely miss the lemure.
The lemure is almost dead.
The lemure hits you. The lemure hits you but does no damage.
You hit the lemure.
You kill the lemure!
That felt strangely unrewarding.
You closely miss the lemure. The lemure hits you.
You slash the lemure!
The lemure is severely wounded.
The lemure hits you but does no damage.
You slash the lemure!
You kill the lemure!
That felt strangely unrewarding.
You slash Pikel!
Pikel is heavily wounded.
Pikel hits you but does no damage.
Pikel hits you with a +1 whip of electrocution.
You are electrocuted!!
* * * LOW HITPOINT WARNING * * *
You barely miss Pikel.
Pikel is heavily wounded.
Pikel hits you but does no damage.
You are electrocuted!
You die...

#.#.##.###.# #.#.#......#
.######.#.#......#
....()...........##########
.##..##.#.#...............#
#..##.#........########.#
#.##..##.#.#...##.# #.#
........#........# #.# #
#.##.#######@##### #.#
#.##.##.# #K# #.###
#.......# #'# #...#
####.#### ... #...# #.##
..... #...# #..## 5...... .
##.## ##...#### ..##.##
#.......+ ....... ##...####
..##.##


You could see Pikel.

Vanquished Creatures
  Grinder (D:3)
  Prince Ribbit (D:5)
  Sigmund (D:4)
  Menkaure (D:4)
  A water moccasin (D:5)
  An ice beast (D:5)
  An ogre (D:5)
  3 lemures (D:5)
  2 bullfrogs (Sewer)
  2 necrophages (D:4)
  3 hounds
  4 iguanas
  9 adders
  6 gnolls
  A white imp (D:4)
  4 ufetubi
  3 worms
  A dart slug (D:3)
  7 orcs
  9 ball pythons
  5 endoplasms
  11 giant cockroaches
  12 goblins
  6 hobgoblins
  8 kobolds
  11 quokkas
  4 bats
  10 frilled lizards
  4 rats
  A lurking horror (D:3)
133 creatures vanquished.

Vanquished Creatures (others)
  2 fungi (D:4)
  4 plants (D:4)
6 creatures vanquished.

Grand Total: 139 creatures vanquished

Notes
Turn   | Place    | Note
-------+----------+-------------------------------------------
     0 | D:1      | mortz the Kobold Earth Elementalist began the quest for the
                  | Orb.
     0 | D:1      | Reached XP level 1. HP: 10/10 MP: 3/3
   255 | D:1      | Reached XP level 2. HP: 15/15 MP: 3/5
   352 | D:1      | Found a faded altar of an unknown god.
   380 | D:1      | You fall into a shaft and drop 1 floor!
   427 | D:2      | Learned a level 2 spell: Passwall
   452 | D:2      | Reached skill level 3 in Stealth
   491 | D:2      | Reached XP level 3. HP: 19/19 MP: 6/6
  1419 | D:1      | Found a faded altar of an unknown god.
  2663 | D:2      | Reached skill level 1 in Short Blades
  2663 | D:2      | Reached XP level 4. HP: 24/24 MP: 5/7
  2674 | D:2      | Reached skill level 4 in Stealth
  3840 | D:3      | Reached XP level 5. HP: 28/28 MP: 8/8
  4008 | D:3      | Found a hide-covered altar of Uskayaw.
  4135 | D:3      | Found a corrupted altar of Lugonu.
  4136 | D:3      | Found a one-way gate to the infinite horrors of the Abyss.
  4384 | D:3      | Noticed Grinder
  4394 | D:3      | Killed Grinder
  4395 | D:3      | Reached skill level 6 in Stealth
  4395 | D:3      | Reached XP level 6. HP: 27/33 MP: 7/10
  4726 | D:3      | Found Gorph's Assorted Antiques.
  4734 | D:3      | Bought a scroll labelled DOYRPH FUUSH for 22 gold pieces
  4734 | D:3      | Bought a short silver wand for 88 gold pieces
  4734 | D:3      | Bought a scroll of identify for 44 gold pieces
  4859 | D:3      | Reached XP level 7. HP: 37/37 MP: 11/11
  5098 | D:3      | Found a one-way gate to the infinite horrors of the Abyss.
  5099 | D:3      | Found a corrupted altar of Lugonu.
  5134 | D:3      | Found Gorph's Assorted Antiques.
  5352 | D:3      | Found a hide-covered altar of Uskayaw.
  5605 | D:3      | Identified a scroll of acquirement
  5605 | D:3      | Acquired the +13 crystal plate armour of Xinlab {Int+4
                  | Stlth+}
  5754 | D:4      | Noticed Menkaure
  5765 | D:4      | Killed Menkaure
  6097 | D:4      | Reached skill level 1 in Armour
  6226 | D:4      | Reached XP level 8. HP: 42/42 MP: 13/13
  6404 | D:4      | Found a white marble altar of Elyvilon.
  6499 | D:4      | Found a runed translucent gate.
  6499 | D:4      | Noticed Sigmund
  6500 | D:4      | Found a runed translucent gate.
  6501 | D:4      | Found a runed translucent gate.
  6504 | D:4      | Noticed masschaos23's ghost (amateur HOFi)
  6509 | D:4      | Killed Sigmund
  6510 | D:4      | Reached skill level 1 in Fighting
  6510 | D:4      | Reached skill level 1 in Throwing
  7072 | D:4      | Found a white marble altar of Elyvilon.
  7203 | D:5      | Entered Level 5 of the Dungeon
  7414 | D:5      | Found a transporter.
  7414 | D:5      | Noticed CougarLife's ghost (amateur GrEE)
  7449 | D:5      | Found a glowing drain.
  7455 | Sewer    | Entered a sewer
  7849 | Sewer    | Reached skill level 5 in Short Blades
  7849 | Sewer    | Reached skill level 7 in Stealth
  8055 | D:5      | Noticed Prince Ribbit
  8071 | D:5      | Killed Prince Ribbit
  8072 | D:5      | Reached XP level 9. HP: 32/48 MP: 14/14
  8328 | D:5      | Found an iron altar of Okawaru.
  8374 | D:5      | Found a transporter.
  8741 | D:5      | Noticed Pikel
  8749 | D:5      | Slain by Pikel

Illustrated notes

Levels and vault maps discovered:
D:1:      dpeg_arrival_solitude, layout_basic,
          hellmonk_ecumenical_altar_leap_of_faith,
          chequers_serial_rivers_small_a, chequers_garden
D:2:      layout_basic, serial_co_window_serial, co_window_corner_a,
          co_window_corner_a, co_window_paths_a, co_window_paths_b,
          co_window_cross_1, co_window_paths_b, co_window_broadway_a,
          co_window_unsneaky_path_d, co_window_broadway_c, glass_columns_b,
          glass_columns_a, minmay_pentomino_v2
D:3:      layout_basic, mainiacjoe_overflow_small_starburst, serial_shops,
          shop_statue, amcnicky_altar_lugonu_corruption, uniq_grinder
D:4:      layout_basic, mainiacjoe_overflow_catwalk,
          gammafunk_ghost_nasty_kobolds, serial_bayou_pond_d,
          chequers_serial_rivers_marsh, minmay_vboxes, uniq_sigmund,
          uniq_menkaure
D:5:      layout_loops_corners, pdpol_wu_jian_five_deadly_venoms,
          okawaru_altar_gauntlet_db, portal_sewer_entry_d,
          gammafunk_ghost_mausoleum, uniq_pikel, uniq_prince_ribbit1

Skill      XL: |  1  2  3  4  5  6  7  8 |
---------------+-------------------------+-----
Stealth        | 3 4 6 7 |  7.0
Short Blades   | 1 2 3 6 |  6.3
Spellcasting   | 3 |  3.9
Transmutations | 2 3 4 |  4.5
Earth Magic    | 4 |  4.7
Dodging        | 3 |  3.1
Armour         | 1 3 |  3.4
Fighting       | 2 |  2.2
Throwing       | 1 |  1.7
Long Blades    | |  0.7

Action                   |  1- 3 |  4- 6 |  7- 9 || total
-------------------------+-------+-------+-------++-------
Melee: Dagger            |    19 |    18 |   181 ||   218
       Falchion          |       |       |    55 ||    55
       Punch             |       |       |     1 ||     1
Throw: Dart              |       |       |    16 ||    16
 Cast: Sandblast         |    21 |    22 |       ||    43
  Use: Scroll            |     5 |     8 |     3 ||    16
 Stab: Sleeping          |    18 |    15 |       ||    33
Armor: Robe              |     1 |       |       ||     1
       Crystal plate arm |       |       |   192 ||   192
Dodge: Dodged            |     6 |     9 |     5 ||    20
